 Dungeon Crawl Stone Soup version 0.30-a0-122-g2a1322497e (webtiles) character file.

Game seed: 12149051599594221189

2025 zishaf the Jinx (level 9, -3/66 HPs)
             Began as a Vampire Enchanter on Sept 15, 2022.
             Was a Follower of Wu Jian.
             Slain by porpoise's ghost (15 damage)
             ... on level 6 of the Dungeon.
             The game lasted 00:10:08 (4706 turns).

zishaf the Jinx (Vampire Enchanter)                 Turns: 4706, Time: 00:10:09

Health: -3/66      AC:  4    Str:  7    XL:     9   Next: 3%
Magic:  13/13      EV: 12    Int: 27    God:    Wu Jian [*.....]
Gold:   337        SH:  6    Dex: 15    Spells: 4/14 levels left

rFire   + . .      SeeInvis +    p - +3 dagger (elec)
rCold   . . .      Faith    .    i - +1 buckler {rF+}
rNeg    . . .      Spirit   .    b - +1 robe
rPois   .          Reflect  .    (no helmet)
rElec   .          Harm     .    u - +0 cloak
rCorr   .          Rampage  .    (no gloves)
Will    .....                    (no boots)
Stlth   ++++......               n - amulet of magic regeneration
HPRegen 0.41/turn                r - +6 ring of intelligence
MPRegen 0.53/turn                (no ring)

@: confusing by touch, healing quickly
A: alive, fangs 3, see invisible, vampiric 2
a: Exsanguinate, Renounce Religion


You were on level 6 of the Dungeon.
You worshipped Wu Jian.
Wu Jian was aware of your devotion.
You visited 1 branch of the dungeon, and saw 6 of its levels.

You collected 337 gold pieces.

Inventory:

Hand Weapons
 a - a +1 dagger
 p - a +3 dagger of electrocution (weapon)
Armour
 b - a +1 robe (worn)
 i - a +1 buckler of fire resistance (worn)
 u - a +0 cloak (worn)
Jewellery
 n - an amulet of magic regeneration (around neck)
 r - a +6 ring of intelligence (left hand)
Wands
 s - a wand of roots (7)
Scrolls
 f - a scroll of noise {unknown}
 g - a scroll of poison
 j - a scroll of enchant weapon
 k - a scroll of amnesia
 m - 5 scrolls of teleportation
 q - a scroll of blinking
Potions
 c - 2 potions of invisibility
 d - 2 potions of brilliance
 e - 3 potions of heal wounds
 h - 2 potions of might
 l - a potion of haste
 o - a potion of berserk rage
 v - a potion of curing


   Skills:
 + Level 4.4 Fighting
 + Level 5.4 Short Blades
 - Level 2.1 Dodging
 - Level 8.0 Stealth
 + Level 3.5 Shields
 - Level 3.0 Spellcasting
 + Level 8.4 Hexes
 + Level 4.4 Ice Magic


You had 4 spell levels left.
You knew the following spells:

 Your Spells              Type           Power      Damage    Failure   Level
a - Ensorcelled Hibernat  Hex/Ice        78%        N/A       1%          2
b - Tukima's Dance        Hex            49%        N/A       1%          3
A - Confusing Touch       Hex            49%        N/A       1%          3
B - Blink                 Tloc           8%         N/A       17%         2

Your spell library contained the following spells:

 Spells                   Type           Power      Damage    Failure   Level
 Dazzling Flash           Conj/Hex       52%        N/A       6%          3
 Magic Dart               Conj           16%        1d3       12%         1
 Call Imp                 Summ           4%         N/A       17%         2
 Gell's Gravitas          Tloc           4%         N/A       34%         3
 Ignite Poison            Fire/Tmut/Pois 4%         N/A       34%         3
 Lesser Beckoning         Tloc           4%         N/A       34%         3
 Mephitic Cloud           Conj/Pois/Air  4%         N/A       34%         3
 Teleport Other           Tloc           4%         N/A       34%         3
 Manifold Assault         Tloc           4%         N/A       75%         4
 Freezing Cloud           Conj/Ice/Air   6%         6-21      87%         5
 Dispersal                Tloc           2%         N/A       100%        6


Dungeon Overview and Level Annotations

Branches:
Dungeon (6/15)
 Temple: D:4-7

Altars:
Ashenzari
Hepliaklqana
Makhleb
Vehumet
Wu Jian

Annotations:
D:6 porpoise's ghost, novice TrBr


Innate Abilities, Weirdness & Mutations

Your natural rate of healing is accelerated.
You have razor-sharp teeth.
You have supernaturally acute eyesight. (SInv)
You are afflicted with vampirism and can become a bat while bloodless.


Message History

You can't see any susceptible monsters within range! (Use Z to cast anyway.)
Found a radiant altar of Vehumet.
You lunge at the sky beast.
The helpless sky beast fails to defend itself.
You stick the sky beast like a pincushion!!!
You kill the sky beast!
The Council accepts your kill.
You have reached level 9!
Your experience leads to an increase in your attributes!
Your base attributes are Str 7, Int 19, Dex 15.
Increase (S)trength, (I)ntelligence, or (D)exterity?
You feel clever. x2
h - 2 potions of might (gained 1)
Found a shortbow.
You see here a +0 shortbow.
You see here a +0 shortbow.
Partly explored, can't reach some places.
Partly explored, can't reach some places.
Really walk into a travel-excluded area?
Found 2 scrolls of poison.
Found a runed translucent door.
Porpoise's ghost turns its malevolent gaze towards you.
Found 10 gold pieces.
Casting: Ensorcelled Hibernation (safe; 1% risk of failure)
Confirm with . or Enter, or press ? or * to list all spells.
Your hands begin to glow red.
You open the door. You barely miss porpoise's ghost.
Porpoise's ghost hits you!!
You hit porpoise's ghost but do no damage.
Porpoise's ghost hits you.
You hit porpoise's ghost but do no damage.
You block porpoise's ghost's attack.
You hit porpoise's ghost but do no damage.
You hit porpoise's ghost but do no damage.
Porpoise's ghost hits you.
You hit porpoise's ghost but do no damage.
Porpoise's ghost hits you!!
* * * LOW HITPOINT WARNING * * *
You hit porpoise's ghost but do no damage.
Porpoise's ghost hits you!
You die...

#. #.#......# ..
#......### ## #
###....#
#.####..#.######
#.#..........).#
#.#........###.#
#....#.☼.☼°# #.#
#....#.○_.§# #.#
#..@.....☼°# #.#
##W##.☼.§..# #.#
#.?$###..### #.#
#P8P#......# #.#
##########.# #.#
#.# #.# #.# #.#
#.###.# #.....#


You could see porpoise's ghost.

Vanquished Creatures
  The ghost of SensoryNuts the Cleaver, a novice HOFi (D:5)
  Sigmund (D:5)
  Edmund (D:6)
  A water moccasin (D:6)
  2 black bears (D:5)
  A sky beast (D:6)
  An ice beast (D:6)
  A centaur (D:4)
  A phantom (D:5)
  2 scorpions
  3 killer bees (D:6)
  2 hounds
  3 orc priests
  A gnoll bouda (D:4)
  2 iguanas (D:6)
  5 orc wizards
  8 gnolls
  2 adders
  An ufetubus (D:5)
  3 worms
  2 dart slugs
  25 orcs
  4 ball pythons
  2 endoplasms
  3 giant cockroaches
  3 goblins
  5 hobgoblins
  3 quokkas
  4 bats
  2 frilled lizards (D:1)
  2 kobolds
  8 rats
105 creatures vanquished.

Vanquished Creatures (others)
  8 plants (D:1)
8 creatures vanquished.

Grand Total: 113 creatures vanquished

Notes
Turn   | Place    | Note
-------+----------+-------------------------------------------
     0 | D:1      | zishaf the Vampire Enchanter began the quest for the Orb.
     0 | D:1      | Reached XP level 1. HP: 13/13 MP: 3/3
   337 | D:1      | Reached XP level 2. HP: 20/20 MP: 5/5
   340 | D:1      | Learned a level 2 spell: Ensorcelled Hibernation
   425 | D:1      | Found a faded altar of an unknown god.
  1078 | D:2      | Gained mutation: You are afflicted with vampirism and can
                  | become a bat while bloodless. [Vampire growth]
  1078 | D:2      | Reached XP level 3. HP: 25/25 MP: 3/6
  1124 | D:2      | Learned a level 3 spell: Confusing Touch
  1395 | D:2      | Reached skill level 1 in Fighting
  1421 | D:2      | Reached skill level 5 in Stealth
  1722 | D:3      | Reached skill level 5 in Hexes
  2176 | D:4      | Noticed a scorpion
  2182 | D:4      | Killed a scorpion
  2183 | D:4      | Reached XP level 4. HP: 32/32 MP: 3/8
  2276 | D:4      | Noticed a centaur
  2284 | D:4      | Killed a centaur
  2285 | D:4      | Reached skill level 1 in Ice Magic
  2285 | D:4      | Reached XP level 5. HP: 17/38 MP: 7/9
  2419 | D:4      | Reached XP level 6. HP: 37/43 MP: 3/10
  3062 | D:5      | Entered Level 5 of the Dungeon
  3191 | D:5      | Reached XP level 7. HP: 51/51 MP: 11/11
  3222 | D:5      | Noticed Sigmund
  3225 | D:5      | Killed Sigmund
  3226 | D:5      | Reached skill level 1 in Shields
  3417 | D:5      | Learned a level 3 spell: Tukima's Dance
  3420 | D:5      | Learned a level 2 spell: Blink
  3750 | D:5      | Found a runed translucent door.
  3757 | D:5      | Noticed SensoryNuts's ghost (novice HOFi)
  3778 | D:5      | Killed SensoryNuts's ghost
  3779 | D:5      | Reached XP level 8. HP: 58/58 MP: 12/12
  3952 | D:5      | Found an ornate altar of the Wu Jian Council.
  3958 | D:5      | Found a burning altar of Makhleb.
  3963 | D:5      | Became a worshipper of the Wu Jian Council
  3972 | D:5      | Found a broken altar of Ashenzari.
  4344 | D:6      | Reached skill level 5 in Short Blades
  4404 | D:6      | Noticed Edmund
  4409 | D:6      | Killed Edmund
  4428 | D:6      | Found a hazy altar of Hepliaklqana.
  4583 | D:6      | Reached * piety under Wu Jian
  4597 | D:6      | Found a radiant altar of Vehumet.
  4599 | D:6      | Reached XP level 9. HP: 66/66 MP: 13/13
  4695 | D:6      | Found a runed translucent door.
  4695 | D:6      | Noticed porpoise's ghost (novice TrBr)
  4706 | D:6      | Slain by porpoise's ghost

Illustrated notes

Levels and vault maps discovered:
D:1:      roderic_crop_circles_arrival_large, layout_basic,
          basic_ecumenical_altar, ebering_dispersal_statue_hall
D:2:      layout_basic
D:3:      layout_loops_cross
D:4:      layout_loops_ring
D:5:      layout_loops_ring, minmay_overflow_temple_star_quad,
          ebering_ghost_sewer_d, uniq_sigmund
D:6:      layout_basic, amcnicky_altar_gilded, fiery_altar_vehumet,
          grunt_dithmenos_shadows, nicolae_uskayaw_suspiria,
          gammafunk_ghost_grave, uniq_edmund

Skill      XL: |  1  2  3  4  5  6  7  8 |
---------------+-------------------------+-----
Fighting       | 1 2 3 4 |  4.4
Stealth        | 5 6 7 8 |  8.0
Hexes          | 5 6 7 8 |  8.4
Short Blades   | 2 3 4 5 |  5.4
Ice Magic      | 1 2 3 4 |  4.4
Spellcasting   | 3 |  3.0
Shields        | 2 3 |  3.5
Dodging        | |  2.1

Action                   |  1- 3 |  4- 6 |  7- 9 || total
-------------------------+-------+-------+-------++-------
Melee: Dagger            |    73 |    37 |    69 ||   179
       Bite              |     5 |     1 |     4 ||    10
       Punch             |     1 |       |       ||     1
 Cast: Ensorcelled Hiber |    21 |    30 |    35 ||    86
       Confusing Touch   |       |       |     4 ||     4
Invok: Lunge             |       |       |    11 ||    11
  Use: Scroll            |    11 |     1 |     4 ||    16
 Stab: Sleeping          |    26 |    19 |    32 ||    77
       Confused          |       |       |     3 ||     3
Armor: Robe              |     8 |     8 |     9 ||    25
Dodge: Dodged            |    21 |    24 |    34 ||    79
Block: Buckler           |       |     3 |    15 ||    18

Table legend: (Time is in decaauts)
 A = Elapsed time spent in this place.
 B = Non-inter-level travel time spent in this place.
 C = Inter-level travel time spent in this place.
 D = Time resting spent in this place.
 E = Time spent auto-exploring this place.
 F = Levels seen in this place.
 G = Mean time per level.
                   A        B        C        D        E       F      G
               +--------+--------+--------+--------+--------+-----+--------+
         Total |   4691 |   4589 |    102 |    145 |   3557 |   6 |  781.8 |
       Dungeon |   4691 |   4589 |    102 |    145 |   3557 |   6 |  781.8 |
               +--------+--------+--------+--------+--------+-----+--------+

Top non-repeatable levels by time:
     D:5: 985 daAuts
     D:4: 952 daAuts
     D:2: 791 daAuts
     D:1: 752 daAuts
     D:6: 615 daAuts
     D:3: 595 daAuts
